 Dungeon Crawl Stone Soup version 0.30-a0-913-g9934a0ce24 (webtiles) character file.

Game seed: 15536536911273965591

133 cforsyth the Trooper (level 5, -1/42 HPs)
             Began as a Human Fighter on Mar 20, 2023.
             Slain by Pikel
             ... wielding a +2 whip of freezing
              (7 damage)
             ... on level 4 of the Dungeon.
             The game lasted 00:05:32 (3688 turns).

cforsyth the Trooper (Human Fighter)                Turns: 3688, Time: 00:05:32

Health: -1/42      AC: 11    Str: 19    XL:     5   Next: 39%
Magic:  5/5        EV:  9    Int:  8    God:
Gold:   132        SH:  5    Dex: 12    Spells: 4/4 levels left

rFire   . . .      SeeInvis .    a - +0 flail
rCold   . . .      Faith    .    c - +0 buckler
rNeg    . . .      Spirit   .    b - +0 scale mail
rPois   .          Reflect  .    w - +1 helmet
rElec   .          Rampage  .    (no cloak)
rCorr   .                        s - +0 pair of gloves
Will    .....                    t - +0 pair of boots Stlth
                                 (no amulet)
HPRegen 0.27/turn                (no ring)
MPRegen 0.09/turn                (no ring)

@: mighty
A: no striking features
a: no special abilities


You were on level 4 of the Dungeon.
You visited 1 branch of the dungeon, and saw 5 of its levels.

You collected 132 gold pieces.

Inventory:

Hand Weapons
 a - a +0 flail (weapon)
Armour
 b - a +0 scale mail (worn)
 c - a +0 buckler (worn)
 r - a +0 helmet
 s - a +0 pair of gloves (worn)
 t - a +0 pair of boots (worn)
 w - a +1 helmet (worn)
Scrolls
 e - a scroll of teleportation {unknown}
 f - 5 scrolls of identify {unknown}
 h - 3 scrolls of amnesia {unknown}
 j - a scroll of magic mapping {unknown}
 m - a scroll of fog {unknown}
 n - a scroll of poison {unknown}
 o - a scroll of vulnerability {unknown}
 q - a scroll of enchant weapon {unknown}
 v - a scroll of blinking {unknown}
Potions
 d - a potion of might
 g - 2 potions of curing {unknown}
 i - 3 potions of flight {unknown}
 k - a potion of attraction {unknown}
 l - a potion of invisibility {unknown}
 p - a potion of cancellation {unknown}
 u - a potion of degeneration {unknown}
 x - a potion of magic {unknown}
 z - a potion of haste


   Skills:
 + Level 4.1 Fighting
 + Level 2.1 Maces & Flails
 + Level 4.0 Armour
 + Level 4.0 Shields


You had 4 spell levels left.
You didn't know any spells.
Your spell library contained the following spells:

 Spells                   Type           Power      Damage    Failure   Level
 Sandblast                Erth           0%         2d4       86%         1
 Passwall                 Tmut/Erth      0%         N/A       94%         2
 Stone Arrow              Conj/Erth      0%         3d7       99%         3


Dungeon Overview and Level Annotations

Branches:
Dungeon (5/15)
 Temple: D:4-7

Altars:
Elyvilon
Trog

Shops:
D:3 [

Annotations:
D:4 Pikel


Message History

Pikel hits you with a +2 whip of freezing.
Pikel freezes you.
Unknown command.
You hit Pikel.
Pikel is lightly wounded.
Pikel hits you but does no damage.
Unknown command.
You hit Pikel but do no damage.
Pikel is lightly wounded.
Pikel barely misses you.
You miss Pikel.
Pikel is lightly wounded.
Pikel hits you with a +2 whip of freezing!
Pikel freezes you. Pikel completely misses you.
You hit Pikel.
Pikel is moderately wounded.
Pikel barely misses you.
You feel very mighty all of a sudden. Pikel hits you but does no damage.
You hit Pikel.
Pikel is moderately wounded.
Pikel barely misses you.
You hit Pikel but do no damage.
Pikel is moderately wounded.
Pikel hits you with a +2 whip of freezing.
Pikel freezes you. Pikel closely misses you.
You sock Pikel!
Pikel is severely wounded.
Pikel hits you with a +2 whip of freezing!
* * * LOW HITPOINT WARNING * * *
Pikel freezes you.
* * * LOW HITPOINT WARNING * * *
You hit Pikel but do no damage.
Pikel is severely wounded.
Pikel hits you but does no damage.
You hit Pikel.
Pikel is almost dead.
Pikel hits you but does no damage.
Pikel hits you with a +2 whip of freezing!
You die...

......................#
####..#........#...#.#.
......#........#...#.#
#............#.#.#.#+###
#............#.#........
#............#.#........
#..............#........
#........#.....#.#.#.###
#......@.........#)#.#
##..#.K####..#####.#.##
#..#.......... #....#
#..#.#####.##.# #....#
#..#.#.....##.# #....##
.. #........#.###......
....................
.K.>.........#......
..............#......


You could see Pikel.

Vanquished Creatures
  4 lemures
  4 adders
  A shadow imp (D:5)
  2 ufetubi (D:4)
  3 worms
  3 dart slugs
  3 orcs
  8 ball pythons
  3 endoplasms
  4 giant cockroaches
  4 hobgoblins
  2 jackals (D:3)
  2 quokkas (D:3)
  2 bats
  4 frilled lizards
  4 goblins
  8 kobolds
  5 rats
66 creatures vanquished.

Notes
Turn   | Place    | Note
-------+----------+-------------------------------------------
     0 | D:1      | cforsyth the Human Fighter began the quest for the Orb.
     0 | D:1      | Reached XP level 1. HP: 18/18 MP: 1/1
   210 | D:1      | Reached XP level 2. HP: 23/24 MP: 2/2
   785 | D:1      | Found a faded altar of an unknown god.
   998 | D:2      | Reached XP level 3. HP: 29/29 MP: 3/3
  1583 | D:3      | Reached XP level 4. HP: 34/36 MP: 4/4
  1804 | D:3      | Found Nujeotit's Antique Armour Shoppe.
  2060 | D:3      | Found a bloodstained altar of Trog.
  2420 | D:4      | Noticed Pikel
  2420 | D:4      | Noticed a lemure
  2421 | D:4      | Found a white marble altar of Elyvilon.
  2421 | D:4      | Noticed a lemure
  2421 | D:4      | Noticed a lemure
  2433 | D:4      | Noticed a lemure
  2566 | D:4      | Reached XP level 5. HP: 42/42 MP: 5/5
  2854 | D:5      | Entered Level 5 of the Dungeon
  3059 | D:5      | Noticed an ice beast
  3280 | D:3      | Killed a lemure
  3446 | D:4      | Killed a lemure
  3464 | D:3      | Killed a lemure
  3530 | D:3      | Killed a lemure
  3688 | D:4      | Slain by Pikel

Illustrated notes

Levels and vault maps discovered:
D:1:      kilobyte_arrival_exit_the_forest, layout_basic,
          ebering_ecumenical_altar_petrified
D:2:      layout_basic
D:3:      layout_basic, old_standard_altar, serial_shops, nicolae_diamond_shop,
          grunt_ministairs_9
D:4:      wander_river, layout_basic, mainiacjoe_overflow_cross_hatched,
          uniq_pikel
D:5:      layout_loops_ring, uniq_grinder, uniq_prince_ribbit1

Skill      XL: |  1  2  3  4  5 |
---------------+----------------+-----
Fighting       | 4 |  4.1
Armour         | 4 |  4.0
Shields        | 4 |  4.0
Maces & Flails | |  2.1

Action                     |  1- 3 |  4- 6 || total
---------------------------+-------+-------++-------
  Melee: Flail             |   117 |   164 ||   281
    Use: Potion            |       |     1 ||     1
 Armour: Scale mail        |    66 |    78 ||   144
  Dodge: Dodged            |    47 |    87 ||   134
  Block: Buckler           |    17 |    36 ||    53

Table legend: (Time is in decaauts)
 A = Elapsed time spent in this place.
 B = Non-inter-level travel time spent in this place.
 C = Inter-level travel time spent in this place.
 D = Time resting spent in this place.
 E = Time spent auto-exploring this place.
 F = Levels seen in this place.
 G = Mean time per level.
                   A        B        C        D        E       F      G
               +--------+--------+--------+--------+--------+-----+--------+
         Total |   3820 |   3574 |    246 |    431 |   2259 |   5 |  764.0 |
       Dungeon |   3820 |   3574 |    246 |    431 |   2259 |   5 |  764.0 |
               +--------+--------+--------+--------+--------+-----+--------+

Top non-repeatable levels by time:
     D:3: 1089 daAuts
     D:1: 959 daAuts
     D:2: 757 daAuts
     D:4: 728 daAuts
     D:5: 285 daAuts
